 Dungeon Crawl Stone Soup version 0.20-a0-1117-g62da73f (webtiles) character file.

26809 FastMan the Severer (level 13, 0/126 HPs)
             Began as a Deep Dwarf Fighter on May 9, 2017.
             Was a High Priest of Makhleb.
             Slain by lambinvoker's ghost (14 damage)
             ... on level 13 of the Dungeon.
             The game lasted 00:10:09 (6942 turns).

FastMan the Severer (Deep Dwarf Fighter)            Turns: 6942, Time: 00:10:09

Health: 0/126      AC: 20    Str: 26 (27) XL:     13   Next: 1%
Magic:  6/6        EV:  8    Int:  8 (9)  God:    Makhleb [*****.]
Gold:   435        SH:  6    Dex: 10 (12) Spells: 12/12 levels left

rFire    + . .     SeeInvis .   a - +0 broad axe
rCold    . . .     Gourm    .   D - +2 buckler {rF+}
rNeg     . . .     Faith    .   C - +0 plate armour
rPois    +         Spirit   .   I - +0 helmet
rElec    .         Reflect  .   y - +0 cloak
rCorr    .         Harm     .   m - +2 pair of gloves
MR       +....                  B - +0 pair of boots
Stlth    ..........             (no amulet)
Regen    0.0/turn               i - +2 ring of strength
MPRegen  0.1/turn               (no ring)

@: non-regenerating, drained
A: damage resistance, heal wounds, sense surroundings 2, poison resistance,
screaming 1, subdued magic 1, sturdy frame 1, no regeneration
a: Heal Wounds, Minor Destruction, Lesser Servant of Makhleb, Major Destruction,
Greater Servant of Makhleb, Renounce Religion


You were on level 13 of the Dungeon.
You worshipped Makhleb.
Makhleb was extremely pleased with you.
You were not hungry.

You visited 2 branches of the dungeon, and saw 14 of its levels.

You collected 643 gold pieces.
You spent 208 gold pieces at shops.

Inventory:

Hand Weapons
 a - a +0 broad axe (weapon)
 b - a +2 morningstar of protection
 g - a +0 battleaxe
 w - a +2 war axe of chopping
Armour
 c - a +0 shield
 m - a +2 pair of gloves (worn)
 y - a +0 cloak (worn)
 B - a +0 pair of boots (worn)
 C - a +0 plate armour (worn)
 D - a +2 buckler of fire resistance (worn)
 I - a +0 helmet (worn)
Jewellery
 i - a +2 ring of strength (left hand)
Scrolls
 e - 7 scrolls of remove curse {@r2}
 j - 4 scrolls of recharging
 k - 4 scrolls of enchant weapon
 n - 4 scrolls of magic mapping
 E - 2 scrolls of enchant armour
 F - 3 scrolls of fear
 J - a scroll of holy word {unknown}
 K - a scroll of identify {@r1}
 L - a scroll of random uselessness {unknown}
Potions
 d - 3 potions of might {@q4}
 p - 4 potions of lignification
 q - 3 potions of heal wounds {@q2}
 r - a potion of brilliance {unknown}
 s - a potion of haste {@q3}
 u - 2 potions of berserk rage
 v - 2 potions of curing {@q1}
 z - 2 potions of degeneration
 A - a potion of agility {unknown}
 G - 5 potions of flight
Comestibles
 f - 9 bread rations {@e1}
 h - 2 royal jellies {@e3}
 l - 6 meat rations {@e2}
 o - 5 fruits {@e4}


   Skills:
 + Level 10.9(10.6) Fighting
 * Level 16.8(16.6) Axes
 + Level 8.0(7.7) Armour
 - Level 4.9(4.7) Shields
 + Level 8.3(8.1) Invocations


You had 12 spell levels left.
You didn't know any spells.

Dungeon Overview and Level Annotations

Branches:
Dungeon (13/15)            Temple (1/1) D:4            Lair (0/6) D:9
    Orc (0/2) D:10
 Vaults: D:13-14

Altars:
Cheibriados
Elyvilon
Fedhas
Hepliaklqana
Kikubaaqudgha
Makhleb
Okawaru
Qazlal
Trog
Uskayaw
Wu Jian
Xom
Yredelemnul
Zin
Beogh

Shops:
D:7 ([%%

Annotations:
D:13 lambinvoker's ghost, journeyman MiBe


Innate Abilities, Weirdness & Mutations

You are resistant to damage.
You can heal yourself by infusing magical energy.
You passively map the area around you.
You do not regenerate.
Your system is resistant to poisons. (rPois)
You occasionally shout uncontrollably at your foes.
Your spells are a little easier to cast, but a little less powerful.
Your movements are slightly less encumbered by armour. (ER -2)


Message History

The shadow slips into darkness.
The shadow flickers and vanishes!
Deactivating autopickup; reactivate with Ctrl-A.
You are too injured to fight recklessly!
You are too injured to fight recklessly!
Unknown command.
You feel much better.
The deep elf knight hits you but does no damage.
Lambinvoker's ghost hits you!!
* * * LOW HITPOINT WARNING * * *
Lambinvoker's ghost burns you.
* * * LOW HITPOINT WARNING * * *
The deep elf archer shoots an arrow.
You block the arrow.
The shadow strikes at you from the darkness!
* * * LOW HITPOINT WARNING * * *
Reactivating autopickup.
Okay, then.
You fail to use your ability.
You block the deep elf knight's attack. Lambinvoker's ghost hits you!
You die...

*,, *...#≈≈≈.##..... #.
,'....≈≈≈≈...# #. #..
...p≈≈≈≈.### * #..
####≈≈≈e.# * #...
#≈≈≈≈.#
*#...#####≈≈≈..#####
#....oo.'....(....# *
+..e#Weo'(........#
#...)@WW'...........#
*#...#####≈≈≈......#.#*
#.. #≈≈≈≈.....# # #.,
#≈≈≈≈.##### * # ,,
p≈≈≈≈.# , * ,..≈≈≈≈.# *
,..#≈≈oo## , *≈ , * * ,
* *


You could see 2 deep elf archers, a deep elf knight, a hungry ghost, a shadow, 2
orc wizards, lambinvoker's ghost and an orc.

Vanquished Creatures
  A vault guard (D:13)
  Fannar (D:12)
  A hydra (D:12)
  The ghost of Treemains the Severer, a journeyman MiBe of Trog (D:12)
  The ghost of FastMan the Cleaver, a novice DDFi (D:9)
  7 two-headed ogres
  4 unseen horrors
  A wizard (D:13)
  Pikel (D:8)
  An orc sorcerer (D:13)
  3 ugly things (D:12)
  2 manticores
  The ghost of FastMan the Cleaver, a novice DDFi of Makhleb (D:6)
  A centaur zombie (D:12)
  3 centaur skeletons
  A gargoyle (D:12)
  2 trolls
  A hornet (D:8)
  A meliai (D:7)
  4 hippogriffs
  5 slime creatures (D:12)
  A spriggan (D:7)
  2 wyverns
  19 yaks
  A wraith (D:11)
  A water moccasin (D:6)
  5 orc warriors
  2 slaves (D:8)
  A black bear (D:7)
  3 ice beasts
  5 sky beasts
  2 necrophages
  4 ogres
  2 phantoms
  11 centaurs
  A big kobold (D:10)
  10 bullfrogs
  A wyvern skeleton (D:8)
  2 scorpions
  7 killer bees
  4 wights (D:9)
  5 crimson imps
  6 hounds
  3 jellies
  9 orc priests
  2 bullfrog skeletons
  3 bullfrog zombies
  3 iguanas
  5 orc wizards
  Crazy Yiuf (D:6)
  Natasha (twice) (D:4)
  8 worker ants
  2 hound zombies
  2 worker ant zombies
  8 gnolls
  11 adders
  A river rat (D:5)
  A shadow imp (D:8)
  An adder zombie (D:7)
  3 worms (D:5)
  2 dart slugs (D:1)
  2 leopard geckos
  56 orcs
  3 giant cockroaches
  2 hobgoblins
  9 jackals
  7 quokkas
  A ball python (D:6)
  2 bats
  4 frilled lizards
  2 goblins (D:2)
  A jackal skeleton (D:9)
  9 kobolds
  5 rats
308 creatures vanquished.

Vanquished Creatures (others)
  A bullfrog skeleton (D:8)
  An adder (D:12)
2 creatures vanquished.

Grand Total: 310 creatures vanquished

Notes
Turn   | Place    | Note
-------+----------+-------------------------------------------
     0 | D:1      | FastMan the Deep Dwarf Fighter began the quest for the Orb.
     0 | D:1      | Reached XP level 1. HP: 20/20 MP: 1/1
    64 | D:1      | Reached XP level 2. HP: 27/27 MP: 2/2
   164 | D:2      | Reached skill level 3 in Axes
   260 | D:3      | Noticed a bullfrog
   266 | D:3      | Killed a bullfrog
   266 | D:3      | Reached skill level 4 in Axes
   266 | D:3      | Reached XP level 3. HP: 34/34 MP: 3/3
   266 | D:3      | Reached XP level 4. HP: 42/42 MP: 4/4
   269 | D:3      | Found an ancient bone altar of Kikubaaqudgha.
   392 | D:4      | Noticed Natasha
   397 | D:4      | Killed Natasha
   433 | D:5      | Entered Level 5 of the Dungeon
   549 | D:4      | Reached XP level 5. HP: 32/50 MP: 5/5
   572 | D:4      | Found an iron altar of Okawaru.
   592 | D:4      | Reached skill level 5 in Axes
   686 | D:4      | Found a stormy altar of Qazlal.
   697 | D:4      | Noticed an ogre
   721 | D:4      | Killed an ogre
   721 | D:4      | Reached skill level 6 in Axes
   721 | D:4      | Reached XP level 6. HP: 20/58 MP: 6/6
   736 | D:4      | Found a bloodstained altar of Trog.
   805 | D:4      | Found a staircase to the Ecumenical Temple.
   880 | D:4      | Noticed Natasha
   886 | D:4      | Killed Natasha
   933 | Temple   | Entered the Ecumenical Temple
   952 | Temple   | Became a worshipper of Makhleb the Destroyer
  1084 | D:5      | Noticed a sky beast
  1093 | D:5      | Killed a sky beast
  1093 | D:5      | Reached skill level 7 in Axes
  1093 | D:5      | Reached XP level 7. HP: 50/66 MP: 7/7
  1428 | D:5      | Reached skill level 5 in Fighting
  1640 | D:6      | Reached skill level 8 in Axes
  1755 | D:6      | Reached XP level 8. HP: 46/75 MP: 7/7
  1791 | D:6      | Reached skill level 9 in Axes
  1945 | D:6      | Found a hide-covered altar of Uskayaw.
  1945 | D:6      | Found a shimmering altar of Xom.
  2070 | D:6      | Noticed FastMan's ghost (novice DDFi)
  2098 | D:6      | Killed FastMan's ghost
  2098 | D:6      | Reached skill level 10 in Axes
  2308 | D:6      | Found a runed door.
  2312 | D:6      | Noticed Crazy Yiuf
  2316 | D:6      | Killed Crazy Yiuf
  2364 | D:7      | Reached * piety under Makhleb
  2384 | D:7      | Found Gockag's Food Shoppe.
  2430 | D:7      | Gained mutation: You passively map the area around you. [Deep Dwarf growth]
  2430 | D:7      | Reached XP level 9. HP: 76/85 MP: 5/5
  2486 | D:7      | Found Doqejok's Food Boutique.
  2497 | D:7      | Noticed a meliai
  2521 | D:7      | Killed a meliai
  2521 | D:7      | Reached skill level 11 in Axes
  2601 | D:7      | Killed an unseen horror
  2601 | D:7      | Reached skill level 12 in Axes
  2723 | D:7      | Found Fygius's Antique Weapon Shoppe.
  2729 | D:7      | Bought a runed war axe for 208 gold pieces
  2752 | D:7      | Found a white marble altar of Elyvilon.
  2936 | D:7      | Found Siheynad's Armour Boutique.
  3087 | D:8      | Noticed Pikel
  3103 | D:8      | Killed Pikel
  3103 | D:8      | Reached XP level 10. HP: 86/96 MP: 4/4
  3187 | D:8      | Reached ** piety under Makhleb
  3210 | D:8      | Reached skill level 13 in Axes
  3290 | D:8      | Noticed a manticore
  3304 | D:8      | Killed a manticore
  3304 | D:8      | Reached skill level 5 in Armour
  3494 | D:9      | Found a staircase to the Lair.
  3567 | D:9      | Noticed a two-headed ogre
  3593 | D:9      | Killed a two-headed ogre
  3669 | D:9      | Reached skill level 14 in Axes
  3691 | D:9      | Noticed FastMan's ghost (novice DDFi)
  3735 | D:9      | Killed FastMan's ghost
  3735 | D:9      | Reached XP level 11. HP: 73/106 MP: 4/4
  3741 | D:9      | Reached *** piety under Makhleb
  3838 | D:9      | Killed an unseen horror
  4221 | D:10     | Entered Level 10 of the Dungeon
  4221 | D:10     | Noticed a two-headed ogre
  4230 | D:10     | Killed a two-headed ogre
  4427 | D:10     | Found a roughly hewn altar of Beogh.
  4443 | D:10     | Reached skill level 1 in Invocations
  4448 | D:10     | Reached **** piety under Makhleb
  4510 | D:10     | Found a staircase to the Orcish Mines.
  4521 | D:10     | Noticed a two-headed ogre
  4535 | D:10     | Killed a two-headed ogre
  4830 | D:10     | Killed an unseen horror
  4830 | D:10     | Reached skill level 15 in Axes
  4987 | D:11     | Noticed a two-headed ogre
  4996 | D:11     | Killed a two-headed ogre
  5112 | D:11     | Reached skill level 10 in Fighting
  5128 | D:11     | Reached skill level 5 in Invocations
  5295 | D:11     | Reached XP level 12. HP: 94/116 MP: 6/6
  5358 | D:11     | Reached ***** piety under Makhleb
  5448 | D:11     | Noticed a two-headed ogre
  5459 | D:11     | Killed a two-headed ogre
  5740 | D:12     | Noticed Fannar
  5779 | D:12     | Killed Fannar
  5779 | D:12     | Reached skill level 16 in Axes
  6097 | D:12     | Noticed Treemains's ghost (journeyman MiBe)
  6119 | D:12     | Killed Treemains's ghost
  6169 | D:12     | Noticed a two-headed ogre
  6200 | D:12     | Gained mutation: Your system is resistant to poisons. (rPois) [potion of mutation]
  6200 | D:12     | Gained mutation: You occasionally shout uncontrollably at your foes. [potion of mutation]
  6200 | D:12     | Gained mutation: Your spells are a little easier to cast, but a little less powerful. [potion of mutation]
  6200 | D:12     | Gained mutation: Your movements are slightly less encumbered by armour. (ER -2) [potion of mutation]
  6212 | D:12     | Killed a two-headed ogre
  6515 | D:12     | Noticed a two-headed ogre
  6531 | D:12     | Killed a two-headed ogre
  6577 | D:12     | Noticed a seven-headed hydra
  6599 | D:12     | Killed a ten-headed hydra
  6888 | D:13     | Noticed a vault guard
  6898 | D:13     | Noticed a vault guard
  6906 | D:13     | Noticed a vault guard
  6915 | D:13     | Noticed lambinvoker's ghost (journeyman MiBe)
  6932 | D:13     | Killed a vault guard
  6936 | D:13     | Reached XP level 13. HP: 60/126 MP: 6/6
  6942 | D:13     | Slain by lambinvoker's ghost

Vault maps used:
D:1:      dpeg_arrival_stonehenge_12_columns
D:3:      lemuel_castle_with_subvaults, old_standard_altar, marbit_many_paths,
          kiku_gazebo_pond_becter, gammafunk_temple_overflow_wave, first_bread
D:4:      lemuel_crystal_altar, overflow_temple_1_default,
          minmay_temple_entry_purple_smoke, okawaru_gym_becter, uniq_natasha
D:5:      nicolae_ru_great_annihilating_truth, lightli_sewer_entry_pipes,
          serial_bayou_lake_a
D:6:      gammafunk_temple_overflow_elements, kennysheep_generic_room_6,
          uniq_crazy_yiuf_cottage
D:7:      cheibrodos_fzero, led_sif_pool, elyvilon_altar_4, serial_shops, shop,
          nicolae_shop_trees, shop, nicolae_shop_waterfront, the_bakery,
          st_stairs_1
D:8:      uniq_pikel
D:9:      nicolae_overflow_hidden_temple, lair_entry_dummy, lightli_minifort
D:10:     orc_0_dummy
D:12:     uniq_fannar
D:13:     lemuel_vampire_tower, grunt_vaults_entry_fortified, uniq_rupert,
          uniq_josephine
Temple:   chequers_temple_sunken

Skill      XL: |  1  2  3  4  5  6  7  8  9 10 11 12 |
---------------+-------------------------------------+-----
Fighting       | 3 4 5 6 8 9 10 | 10.9
Axes           | 4 6 7 8 10 12 14 15 16 | 16.8
Armour         | 4 6 8 |  8.0
Shields        | 4 |  4.9
Invocations    | 5 8 |  8.3

Action                   |  1- 3 |  4- 6 |  7- 9 | 10-12 | 13-15 || total
-------------------------+-------+-------+-------+-------+-------++-------
Melee: War axe           |    53 |   177 |   335 |   211 |       ||   776
       Battleaxe         |       |       |     2 |       |       ||     2
       Broad axe         |       |       |       |   503 |     2 ||   505
       Morningstar       |       |       |       |     6 |       ||     6
Invok: Lesser Servant of |       |       |       |     1 |       ||     1
 Abil: Heal Wounds       |     1 |     7 |    19 |    34 |     3 ||    64
  Use: Scroll            |       |     3 |     5 |     4 |       ||    12
       Potion            |       |       |       |     6 |       ||     6
  Eat: Chunk             |       |     1 |     8 |    13 |       ||    22
Armor: Scale mail        |    17 |       |       |       |       ||    17
       Chain mail        |    19 |   116 |   235 |       |       ||   370
       Plate armour      |       |       |    28 |   444 |     6 ||   478
       Skin              |       |       |       |     6 |       ||     6
Dodge: Dodged            |    16 |    58 |    92 |   218 |     2 ||   386
Block: Shield            |    33 |   104 |   178 |       |       ||   315
       Buckler           |       |       |       |   192 |     2 ||   194
